 Dungeon Crawl Stone Soup version 0.30-a0-715-gdb4ae3ece1 (webtiles) character file.

Game seed: 11576000254913712877

1824 Majang the Cleaver (level 8, -1/109 HPs)
             Began as a Minotaur Berserker on Jan 23, 2023.
             Was an Elder of Trog.
             Slain by a skeletal warrior
             ... wielding a +0 battleaxe
              (13 damage)
             ... on level 7 of the Dungeon.
             The game lasted 00:11:45 (4114 turns).

Majang the Cleaver (Minotaur Berserker)             Turns: 4114, Time: 00:11:45

Health: -1/109     AC: 13    Str: 24    XL:     8   Next: 86%
Magic:  7/7        EV: 12    Int:  6    God:    Trog [****..]
Gold:   324        SH:  0    Dex: 10    Spells: 7/7 levels left

rFire   + . .      SeeInvis .    a - +2 hand axe
rCold   . . .      Faith    .    (no shield)
rNeg    . . .      Spirit   .    A - +3 ring mail of Caceqas {Int+2 Slay+2}
rPois   .          Reflect  .    (helmet restricted)
rElec   .          Harm     .    m - +2 cloak {rCorr}
rCorr   +          Rampage  .    B - +0 pair of gloves
Will    .....                    (no boots) Stlth
                                 g - amulet of regeneration
HPRegen 1.18/turn                o - ring of protection from fire
MPRegen 0.10/turn                (no ring)

@: berserking (expiring), studying Evocations, very quick
A: horns 2, retaliatory headbutt
a: Renounce Religion, Berserk, Trog's Hand, Brothers in Arms


You were on level 7 of the Dungeon.
You worshipped Trog.
Trog was greatly pleased with you.
You visited 1 branch of the dungeon, and saw 7 of its levels.

You collected 324 gold pieces.

Inventory:

Hand Weapons
 a - a +2 hand axe (weapon)
 b - a +3 flail of freezing
 v - a +0 morningstar
 G - a +0 hand axe
Armour
 m - a +2 cloak of preservation (worn)
 A - the +3 ring mail of Caceqas (worn) {Int+2 Slay+2}
   (You found it on level 6 of the Dungeon)

   Int:       It affects your intelligence (+2).
   Slay:      It affects your accuracy & damage with ranged weapons and melee
   (+2).
 B - a +0 pair of gloves (worn)
Jewellery
 g - an amulet of regeneration (around neck)
 o - a ring of protection from fire (left hand)
 s - a ring of resist corrosion
Wands
 y - a wand of charming (6)
 D - a wand of polymorph (6)
Scrolls
 f - 3 scrolls of fog {unknown}
 h - 3 scrolls of amnesia {unknown}
 j - 3 scrolls of blinking {unknown}
 k - 2 scrolls of poison {unknown}
 l - 3 scrolls of enchant weapon {unknown}
 n - 4 scrolls of identify {unknown}
 p - 4 scrolls of teleportation {unknown}
 q - a scroll of enchant armour {unknown}
 t - a scroll of brand weapon {unknown}
 u - a scroll of summoning {unknown}
 w - 4 scrolls of noise {unknown}
 z - a scroll of magic mapping {unknown}
 C - a scroll of fear {unknown}
 H - a scroll of immolation {unknown}
Potions
 c - a potion of haste {unknown}
 d - a potion of flight {unknown}
 e - 3 potions of might {unknown}
 i - a potion of attraction {unknown}
 r - 2 potions of degeneration {unknown}
 x - a potion of ambrosia {unknown}
 E - a potion of mutation {unknown}
 F - 5 potions of curing {unknown}


   Skills:
 + Level 7.1 Fighting
 * Level 9.5 Axes
 + Level 6.1 Armour
 + Level 5.5 Dodging
 + Level 3.3 Evocations


You had 7 spell levels left.
You didn't know any spells.
Your spell library was empty.

Dungeon Overview and Level Annotations

Branches:
Dungeon (7/15)             Temple (0/1) D:5

Altars:
Gozag
Zin


Innate Abilities, Weirdness & Mutations

You have a pair of horns on your head.
You reflexively headbutt those who attack you in melee.


Message History

The skeletal warrior is severely damaged.
You slash the skeletal warrior!
The skeletal warrior closely misses you.
The skeletal warrior misses you.
You hit the skeletal warrior but do no damage.
You headbutt the skeletal warrior!
The skeletal warrior is severely damaged.
You hit the skeletal warrior but do no damage.
You hit the skeletal warrior but do no damage.
You headbutt the skeletal warrior!
The skeletal warrior is almost destroyed.
You hit the skeletal warrior but do no damage.
The skeletal warrior closely misses you.
The skeletal warrior hits you with a +1 flail of protection!
You barely miss the skeletal warrior.
The skeletal warrior is almost destroyed.
You hit the skeletal warrior.
You hit the skeletal warrior but do no damage.
The skeletal warrior is almost destroyed.
You hit the skeletal warrior. The skeletal warrior barely misses you.
The skeletal warrior hits you with a +0 battleaxe!
You barely miss the skeletal warrior.
The skeletal warrior is almost destroyed.
You hit the skeletal warrior but do no damage.
You hit the skeletal warrior but do no damage.
Your headbutt misses the skeletal warrior.
The skeletal warrior is almost destroyed.
You hit the skeletal warrior but do no damage.
The skeletal warrior hits you with a +1 flail of protection!
* * * LOW HITPOINT WARNING * * *
The skeletal warrior hits you with a +0 battleaxe!
* * * LOW HITPOINT WARNING * * *
You hit the skeletal warrior.
You headbutt the skeletal warrior, but do no damage.
The skeletal warrior is almost destroyed.
You closely miss the skeletal warrior.
The skeletal warrior hits you with a +1 flail of protection.
* * * LOW HITPOINT WARNING * * *
The skeletal warrior hits you with a +0 battleaxe!
You die...

..........# .......<.
.###......## .........
###.....## ........
##.....## #.....#
#......# ##.....##
#....... #.......##
##....... #....z...##
###.....##.
#....z@...###....######
.................)# #
.............###).# #
###.........## ##.##
### ##.......##
#))###.. #.......#
#......# ##......##
#...##.. #........#
#....... ..##.....##
##......#


You could see 2 skeletal warriors.

Vanquished Creatures
  A wyvern (D:7)
  A water moccasin (D:5)
  An orc warrior (D:7)
  2 black bears
  2 phantoms
  A kobold brigand (D:7)
  3 scorpions
  4 wights (D:6)
  2 jellies
  Crazy Yiuf (D:2)
  6 hounds
  2 orc priests
  2 iguanas
  2 orc wizards
  7 gnolls
  10 adders
  2 ufetubi
  A worm (D:5)
  5 dart slugs
  18 orcs
  4 endoplasms
  4 giant cockroaches
  6 hobgoblins
  9 kobolds
  5 quokkas
  13 ball pythons
  5 bats
  6 frilled lizards
  3 goblins
  2 rats
130 creatures vanquished.

Notes
Turn   | Place    | Note
-------+----------+-------------------------------------------
     0 | D:1      | Majang the Minotaur Berserker began the quest for the Orb.
     0 | D:1      | Reached XP level 1. HP: 19/19 MP: 0/0
    72 | D:1      | Reached skill level 4 in Axes
   146 | D:1      | Reached XP level 2. HP: 27/27 MP: 1/1
   458 | D:1      | Found Ojusiycw's Antique Armour Shop.
   625 | D:2      | Reached ** piety under Trog
   626 | D:2      | Reached XP level 3. HP: 33/33 MP: 2/2
   707 | D:2      | Reached skill level 5 in Axes
   850 | D:2      | Identified the +9 hammer "Impslayer" {protect, *Slow rN+++
                  | SInv Stlth+}
   853 | D:2      | Found a runed translucent door.
   854 | D:2      | Noticed Crazy Yiuf
   862 | D:2      | HP: 2/51 [Crazy Yiuf/+4 quarterstaff of chaos (16)]
   863 | D:2      | Killed Crazy Yiuf
   864 | D:2      | Reached XP level 4. HP: 3/41 MP: 3/3
  1403 | D:3      | Reached XP level 5. HP: 45/47 MP: 4/4
  1835 | D:4      | Reached skill level 6 in Axes
  1967 | D:4      | Reached skill level 5 in Fighting
  2003 | D:4      | Reached XP level 6. HP: 43/56 MP: 5/5
  2007 | D:4      | Reached *** piety under Trog
  2638 | D:5      | Entered Level 5 of the Dungeon
  2722 | D:5      | Reached skill level 7 in Axes
  2859 | D:5      | Reached XP level 7. HP: 61/61 MP: 6/6
  2934 | D:5      | Found a staircase to the Ecumenical Temple.
  3419 | D:6      | Reached skill level 8 in Axes
  3428 | D:6      | Reached skill level 5 in Armour
  3435 | D:6      | Identified the +3 ring mail of Caceqas {Int+2 Slay+2}
  3467 | D:6      | Found an opulent altar of Gozag.
  3515 | D:6      | Reached XP level 8. HP: 70/70 MP: 7/7
  3533 | D:6      | Found a glowing silver altar of Zin.
  3639 | D:6      | Reached skill level 1 in Evocations
  3645 | D:6      | Reached **** piety under Trog
  3736 | D:6      | Reached skill level 5 in Dodging
  3751 | D:6      | Reached skill level 9 in Axes
  4093 | D:7      | Noticed a skeletal warrior
  4094 | D:7      | Noticed a skeletal warrior
  4114 | D:7      | Slain by a skeletal warrior

Illustrated notes

Levels and vault maps discovered:
D:1:      dpeg_arrival_renting, layout_basic, serial_shops,
          nicolae_shop_behind_doors, minmay_misc_feat_rows
D:2:      layout_loops_ring, chequers_garden, hangedman_decor_riveting,
          hex_large, uniq_crazy_yiuf_cottage
D:3:      layout_basic, minmay_curled_crystal
D:4:      layout_basic, minmay_misc_feat_plants
D:5:      layout_loops_ring, minmay_temple_entry_from_below_a
D:6:      layout_rooms, pdpol_temple_overflow_zin_treasury_gozag_greed
D:7:      layout_layer_cave, uniq_maggie

Skill      XL: |  1  2  3  4  5  6  7  8 |
---------------+-------------------------+-----
Axes           | 4 5 6 7 8 9 |  9.5
Fighting       | 4 5 6 7 |  7.1
Armour         | 3 4 5 6 |  6.1
Dodging        | 3 4 5 |  5.5
Evocations     | 3 |  3.3

Action                     |  1- 3 |  4- 6 |  7- 9 || total
---------------------------+-------+-------+-------++-------
  Melee: Hand axe          |    66 |   124 |   141 ||   331
         Headbutt          |     7 |    22 |    33 ||    62
         Punch             |       |     3 |     1 ||     4
 Invoke: Berserk           |     1 |       |     2 ||     3
  Evoke: Wand              |       |       |     1 ||     1
 Armour: Ring mail         |    28 |    33 |    35 ||    96
         Scale mail        |       |    20 |    23 ||    43
  Dodge: Dodged            |    48 |    67 |    99 ||   214

Table legend: (Time is in decaauts)
 A = Elapsed time spent in this place.
 B = Non-inter-level travel time spent in this place.
 C = Inter-level travel time spent in this place.
 D = Time resting spent in this place.
 E = Time spent auto-exploring this place.
 F = Levels seen in this place.
 G = Mean time per level.
                   A        B        C        D        E       F      G
               +--------+--------+--------+--------+--------+-----+--------+
         Total |   4115 |   3970 |    145 |     90 |   2878 |   7 |  587.9 |
       Dungeon |   4115 |   3970 |    145 |     90 |   2878 |   7 |  587.9 |
               +--------+--------+--------+--------+--------+-----+--------+

Top non-repeatable levels by time:
     D:4: 810 daAuts
     D:5: 778 daAuts
     D:2: 639 daAuts
     D:1: 609 daAuts
     D:3: 591 daAuts
     D:6: 439 daAuts
     D:7: 245 daAuts
